 Dungeon Crawl Stone Soup version 0.19.1 (webtiles) character file.

132 Dfrag the Firebug (level 4, -4/30 HPs)
             Began as a Demonspawn Fire Elementalist on Nov 27, 2016.
             Killed by divine providence
             ... invoked by an orc priest
              (12 damage)
             ... on level 3 of the Dungeon.
             The game lasted 00:03:04 (1785 turns).

Dfrag the Firebug (Demonspawn Fire Elementalist)    Turns: 1785, Time: 00:03:05

Health: -4/30      AC:  2    Str:  9    XL:     4   Next: 92%
Magic:  1/8        EV: 12    Int: 20    God:
Gold:   126        SH:  0    Dex: 13    Spells: 1 memorised, 8 levels left

rFire  + . .     SeeInvis .     p - +0 whip
rCold  . . .     Gourm    .     a - +0 robe
rNeg   . . .     Faith    .     (no shield)
rPois  .         Spirit   .     (no helmet)
rElec  .         Reflect  .     (no cloak)
rCorr  .         Harm     .     (no gloves)
MR     .....                    (no boots)
Stlth  +++.......               d - amulet of regeneration
                                r - +3 ring of intelligence
                                e - ring of protection from fire

@: very slightly contaminated
A: nightstalker 1, spiny 1
a: no special abilities


You were on level 3 of the Dungeon.
You were hungry.

You visited 1 branch of the dungeon, and saw 3 of its levels.

You collected 126 gold pieces.

Inventory:

Hand Weapons
 p - a +0 whip (weapon)
Armour
 a - a +0 robe (worn)
Jewellery
 d - an amulet of regeneration (around neck)
 e - a ring of protection from fire (left hand)
 r - a +3 ring of intelligence (right hand)
Scrolls
 f - 2 scrolls of immolation {unknown}
 h - a scroll of remove curse {unknown}
 j - 3 scrolls of enchant armour {unknown}
 l - a scroll of identify {unknown}
 o - a scroll of teleportation {unknown}
Potions
 i - 2 potions of degeneration {unknown}
 k - a potion of curing {unknown}
 m - a potion of mutation {unknown}
 n - a potion of magic {unknown}
 q - 2 potions of might {unknown}
 t - a potion of brilliance {unknown}
Books
 b - a book of Flames

   Spells                             Type                      Level
   a - Flame Tongue                   Conjuration/Fire             1
   b - Throw Flame                    Conjuration/Fire             2
   c - Conjure Flame                  Conjuration/Fire             3
   d - Inner Flame                    Hexes/Fire                   3
   e - Sticky Flame                   Conjuration/Fire             4
   f - Fireball                       Conjuration/Fire             5
 u - a book of Necromancy

   Spells                             Type                      Level
   a - Pain                           Necromancy                   1
   b - Animate Skeleton               Necromancy                   1
   c - Vampiric Draining              Necromancy                   3
   d - Regeneration                   Charms/Necromancy            3
   e - Animate Dead                   Necromancy                   4
   f - Control Undead                 Necromancy                   4
Comestibles
 c - a bread ration
 g - 2 meat rations


   Skills:
 - Level 1.7 Dodging
 - Level 1.7 Stealth
 + Level 3.0 Spellcasting
 + Level 3.0 Conjurations
 + Level 3.6 Fire Magic


You had 8 spell levels left.
You knew the following spells:

 Your Spells              Type           Power        Failure   Level  Hunger
a - Flame Tongue          Conj/Fire      ###..        3%          1    None


Dungeon Overview and Level Annotations

Branches:
Dungeon (3/15)

Altars:
Hepliaklqana
Ru


Innate Abilities, Weirdness & Mutations

You are slightly more attuned to the shadows.
You are partially covered in sharp spines.


Message History

Confirm with . or Enter, or press ? or * to list all spells.
Aiming: Flame Tongue
Press: ? - help, Shift-Dir - straight line, f/p - orc priest
Aim: an orc priest, wielding a club You miscast Flame Tongue.
Nothing appears to happen.
Casting: Flame Tongue
Confirm with . or Enter, or press ? or * to list all spells.
Aiming: Flame Tongue
Press: ? - help, Shift-Dir - straight line, f/p - orc priest
Aim: an orc priest, wielding a club The flame tongue misses the orc.
The flame tongue hits the orc priest.
The orc priest is severely wounded.
Casting: Flame Tongue
Confirm with . or Enter, or press ? or * to list all spells.
You don't have enough magic to cast that spell.
Unknown command.
Unknown command.
The orc priest mumbles some strange prayers to Beogh against you.
Beogh smites you!
You die...

#### #.##†##.......# ##.# .._#
#.##....##[######.#. '#≈###
##.##.##.##.# ##.### )###.#
##........##.# #.## # .#...#
#....#.......# ##.### .....#
##..#.######### ##.#.
##...######)....# .. ##.#
............###.#####.... #...
............# #.@o.oo.... #...
............###.#####.... #.##
##...######.....# .. #.## #...#
#.....# #.## #...# ###†### #...
#...# #.# #... #...# #.######
#### ##...########......########
#
##............####........#######


You could see an orc priest and 2 orcs.

Vanquished Creatures
  An orc priest (D:3)
  An orc wizard (D:3)
  An adder (D:1)
  An ooze (D:2)
  A worm (D:2)
  A dart slug (D:2)
  4 leopard geckos
  5 orcs (D:3)
  5 giant cockroaches
  2 goblins
  5 hobgoblins
  6 kobolds
  2 quokkas (D:2)
  6 bats
  3 frilled lizards
  8 rats
52 creatures vanquished.

Notes
Turn   | Place    | Note
-------+----------+-------------------------------------------
     0 | D:1      | Dfrag the Demonspawn Fire Elementalist began the quest for the Orb.
     0 | D:1      | Reached XP level 1. HP: 13/13 MP: 3/3
   258 | D:1      | Gained mutation: You are slightly more attuned to the shadows. [demonic ancestry]
   258 | D:1      | Reached XP level 2. HP: 19/19 MP: 0/5
   913 | D:2      | Reached XP level 3. HP: 24/24 MP: 0/6
  1466 | D:3      | Found a sacrificial altar of Ru.
  1466 | D:3      | Found a hazy altar of Hepliaklqana.
  1483 | D:3      | Gained mutation: You are partially covered in sharp spines. [demonic ancestry]
  1483 | D:3      | Reached XP level 4. HP: 30/30 MP: 5/7
  1785 | D:3      | Killed from afar by an orc priest

Skill      XL: |  1  2  3  4 |
---------------+-------------+-----
Conjurations   | 2 3 |  3.0
Fire Magic     | 3 |  3.6
Spellcasting   | 3 |  3.0
Dodging        | |  1.7
Stealth        | |  1.7

Action                   |  1- 3 |  4- 6 || total
-------------------------+-------+-------++-------
Melee: Unarmed           |    71 |       ||    71
       Whip              |     1 |     6 ||     7
 Cast: Flame Tongue      |    67 |    17 ||    84
  Eat: Chunk             |     2 |     1 ||     3
Armor: Robe              |    19 |       ||    19
Dodge: Dodged            |    60 |     8 ||    68
